 Dungeon Crawl Stone Soup version 0.21-a0-504-g2eda330 (webtiles) character file.

25 4thArraOfDagon the Gusty (level 3, 0/24 HPs)
             Began as a Barachi Air Elementalist on Nov 25, 2017.
             Slain by a jackal skeleton (1 damage)
             ... on level 4 of the Dungeon.
             The game lasted 00:03:12 (404 turns).

4thArraOfDagon the Gusty (Barachi Air Elementalist)  Turns: 404, Time: 00:03:13

Health: 0/24       AC:  2    Str:  9    XL:     3   Next: 6%
Magic:  1/7        EV: 12    Int: 16    God:
Gold:   37         SH:  0    Dex: 12    Spells: 6/7 levels left

rFire    . . .     SeeInvis .   k - +0 short sword
rCold    . . .     Gourm    .   (no shield)
rNeg     . . .     Faith    .   a - +0 robe
rPois    .         Spirit   .   (no helmet)
rElec    .         Reflect  .   (no cloak)
rCorr    .         Harm     .   (no gloves)
MR       .....                  (no boots)
Stlth    ++........             (no amulet)
HPRegen  0.08/turn              (no ring)
MPRegen  0.10/turn              (no ring)

@: lethally poisoned (0 -> -4), slow
A: +LOS, swims, slowness 1, strong legs 1
a: Hop


You were on level 4 of the Dungeon.
You were not hungry.

You visited 1 branch of the dungeon, and saw 4 of its levels.

You collected 37 gold pieces.

Inventory:

Hand Weapons
 e - a +0 blowgun
 k - a +0 short sword (weapon)
Missiles
 f - 8 poisoned needles
Armour
 a - a +0 robe (worn)
 h - a +0 ring mail
Wands
 g - a wand of polymorph (12)
Scrolls
 d - a scroll of teleportation {unknown}
 i - a scroll of amnesia {unknown}
Potions
 j - a potion of agility {unknown}
Books
 b - a book of Air

   Spells                             Type                      Level
   a - Shock                          Conjuration/Air              1
   b - Swiftness                      Charms/Air                   2
   c - Static Discharge               Conjuration/Air              3
   d - Airstrike                      Air                          4
   e - Lightning Bolt                 Conjuration/Air              5
Comestibles
 c - 2 bread rations


   Skills:
 - Level 2.1 Dodging
 - Level 1.7 Stealth
 + Level 2.7 Spellcasting
 - Level 1.1 Conjurations
 * Level 4.2 Air Magic


You had 6 spell levels left.
You knew the following spells:

 Your Spells              Type           Power        Failure   Level  Hunger
a - Shock                 Conj/Air       ##..         6%          1    #......


Dungeon Overview and Level Annotations

Branches:
Dungeon (4/15)
 Temple: D:4-7

Altars:
Ashenzari


Innate Abilities, Weirdness & Mutations

Shadows flee at your approach. (+LOS)
You can swim through water.
You cover ground slowly.
You can hop short distances.


Message History

Press: ? - help, Shift-Dir - straight line The zap hits the worker ant.
The worker ant is severely wounded.
The zap misses the worker ant.
* * * LOW HITPOINT WARNING * * *
You feel sick.
The jackal skeleton bites you but does no damage.
The worker ant bites you.
* * * LOW HITPOINT WARNING * * *
Unknown command.
Unknown command.
Casting: Shock
Confirm with . or Enter, or press ? or * to list all spells.
Aiming: Shock
Press: ? - help, Shift-Dir - straight line The zap misses the worker ant.
The zap hits the worker ant.
The worker ant is severely wounded.
* * * LOW HITPOINT WARNING * * *
You feel sick. The jackal skeleton bites you.
You die...

#.#. ....%. #.#.
.).... $ #
#.#.###..... ..
#.#.#.....##...
...###.#.##.........
.!.....#.....#.###.#
#.......###.#.....#
+.......a..........
#......@##..#.....
#.......Z.....[.##
##.................
...#................
.. #.........#......
.. #........##.#..#.
.. ###......# #....
... ##...... ...
Z...####....... ..


You could see a worker ant and a jackal skeleton.

Vanquished Creatures
  An adder (D:4)
  An ooze (D:3)
  2 bats
  A giant cockroach (D:3)
  3 kobolds
  3 frilled lizards
  4 rats
15 creatures vanquished.

Notes
Turn   | Place    | Note
-------+----------+-------------------------------------------
     0 | D:1      | 4thArraOfDagon the Barachi Air Elementalist began the quest for the Orb.
     0 | D:1      | Reached XP level 1. HP: 13/13 MP: 3/3
   132 | D:2      | Reached XP level 2. HP: 14/19 MP: 3/5
   134 | D:2      | Found a shattered altar of Ashenzari.
   319 | D:3      | Reached skill level 4 in Air Magic
   388 | D:4      | Reached XP level 3. HP: 22/24 MP: 2/7
   404 | D:4      | HP: 1/24 [poisoned by a worker ant]
   404 | D:4      | Slain by a jackal skeleton

Vault maps used:
D:1:      dpeg_arrival_simpleton_c
D:2:      nicolae_qazlal_eye_of_the_storm, ashenzari_conservatory_becter,
          minmay_misc_feat_more_columns
D:3:      okawaru_ov_weapons_minmay, first_bread, uniq_terence, uniq_natasha,
          uniq_jessica, uniq_ijyb
D:4:      kennysheep_mini, overflow_temple_1_default,
          grunt_temple_overflow_cloverleaf, minmay_temple_entry_from_below_a,
          serial_shops, shop, uniq_eustachio

Skill      XL: |  1  2 |
---------------+-------+-----
Air Magic      | 4 |  4.2
Dodging        | |  2.1
Stealth        | |  1.7
Spellcasting   | |  2.7
Conjurations   | |  1.1

Action                   || total
-------------------------++-------
Melee: Unarmed           ||     7
       Short sword       ||     5
 Cast: Shock             ||    25
  Use: Potion            ||     1
Armor: Robe              ||     5
Dodge: Dodged            ||    28

Table legend:
 A = Spawn XP
 B = Non-spawn XP
 C = Spawn XP percentage of total XP
 D = Spawn monster count
 E = Non-spawn monster count
 F = Spawn count percentage of total count
 G = Total turns spent on level
                    A         B        C        D         E        F      G
               +---------+---------+-------+---------+---------+-------+---------
         Total |       0 |      37 |   0.0 |       0 |      15 |   0.0 |   404
               +---------+---------+-------+---------+---------+-------+---------
           D:1 |       0 |       3 |   0.0 |       0 |       2 |   0.0 |    26
           D:2 |       0 |       7 |   0.0 |       0 |       6 |   0.0 |   151
           D:3 |       0 |      14 |   0.0 |       0 |       6 |   0.0 |   194
           D:4 |       0 |      13 |   0.0 |       0 |       1 |   0.0 |    33
               +---------+---------+-------+---------+---------+-------+---------
